 Dungeon Crawl Stone Soup version 0.27.1-33-g824d729ab1 (webtiles) character file.

Game seed: 2355223999008413149

410 daervis the Chopper (level 6, -8/39 HPs)
             Began as a Gargoyle Berserker on Dec 17, 2021.
             Was a Priest of Trog.
             Killed by divine providence
             ... invoked by an orc priest
              (12 damage)
             ... on level 5 of the Dungeon.
             The game lasted 00:12:54 (3855 turns).

daervis the Chopper (Gargoyle Berserker)            Turns: 3855, Time: 00:12:55

Health: -8/39      AC: 17    Str: 23    XL:     6   Next: 89%
Magic:  6/6        EV:  7    Int:  7    God:    Trog [***...]
Gold:   147        SH:  0    Dex:  9    Spells: 5/5 levels left

rFire    . . .     SeeInvis .   n - +0 war axe
rCold    . . .     Faith    .   (no shield)
rNeg     + . .     Spirit   .   c - +0 plate armour
rPois    ∞         Reflect  .   j - +0 helmet
rElec    +         Harm     .   (no cloak)
rCorr    .         Rampage  .   (no gloves)
Will     .....                  (no boots)
Stlth    ..........             (no amulet)
HPRegen  0.13/turn              (no ring)
MPRegen  0.10/turn              (no ring)

@: no status effects
A: sickness immunity, AC +4, negative energy resistance 1, electricity
resistance, torment resistance 1, petrification resistance
a: Renounce Religion, Berserk, Trog's Hand


You were on level 5 of the Dungeon.
You worshipped Trog.
Trog was most pleased with you.
You visited 1 branch of the dungeon, and saw 5 of its levels.

You collected 147 gold pieces.

Inventory:

Hand Weapons
 n - a +0 war axe (weapon)
Armour
 b - a +0 animal skin
 c - a +0 plate armour (worn)
 j - a +0 helmet (worn)
Jewellery
 a - a ring of positive energy
 g - a ring of willpower
Wands
 o - a wand of digging (4)
Scrolls
 d - a scroll of fear {unknown}
 f - 3 scrolls of blinking {unknown}
 h - 7 scrolls of identify {unknown}
 i - a scroll of teleportation {unknown}
 l - a scroll of amnesia {unknown}
 q - a scroll of vulnerability {unknown}
 r - a scroll of fog {unknown}
Potions
 e - 5 potions of curing {unknown}
 k - a potion of heal wounds {unknown}
 m - a potion of attraction {unknown}
 p - a potion of lignification {unknown}
 s - a potion of cancellation {unknown}


   Skills:
 + Level 4.3 Fighting
 * Level 5.8 Axes
 + Level 3.7 Armour
 - Level 1.5 Dodging


You had 5 spell levels left.
You didn't know any spells.
Your spell library was empty.

Dungeon Overview and Level Annotations

Branches:
Dungeon (5/15)
 Temple: D:4-7

Altars:


Innate Abilities, Weirdness & Mutations

You are immune to sickness and miasma.
Your stone body is resilient. (AC +4)
You are immune to poison.
You resist negative energy. (rN+)
You are resistant to electric shocks. (rElec)
You are resistant to unholy torment.
You are immune to petrification.


Message History

The orc priest calls down the wrath of Beogh upon you.
Pain shoots through your body!
You hear some strange, mumbled words.
A puff of flame appears from out of thin air!
The puff of flame hits you.
You closely miss the orc priest.
The orc priest is severely wounded.
You miss something.
The orc priest hits you but does no damage.
Something completely misses you.
An ogre comes into view. It is wielding a +0 giant club.
Your plate armour prevents you from hitting the orc priest.
The orc priest is severely wounded.
You completely miss something.
The ogre shouts!
The orc priest barely misses you.
You hear some strange, mumbled words.
Something tries to affect you, but you resist.
The orc priest barely misses you.
You completely miss the orc priest.
The orc priest is severely wounded.
You miss something. Something hits you but does no damage.
The orc priest barely misses you. Something hits you but does no damage.
You completely miss the orc priest.
The orc priest is severely wounded.
You barely miss something. The orc priest hits you with a +0 club.
Something hits you but does no damage.
You barely miss the orc priest.
The orc priest is severely wounded.
You miss something.
The orc priest mumbles some strange prayers to Beogh against you.
Beogh smites you!
* * * LOW HITPOINT WARNING * * *
Something hits you but does no damage.
You barely miss the orc priest.
The orc priest is severely wounded.
You miss something.
The orc priest invokes the aid of Beogh against you.
Beogh smites you!
You die...

..# #.# #.# #)# #
#.#
#.##.#######.#######
..(....<{)..........
#.##...o@.O........#
#.#######.#####.# #
#.# #.# #.# ..# ###


You could see an ogre and an orc priest.

Vanquished Creatures
  A phantom (D:3)
  A jelly (D:3)
  An orc priest (D:5)
  Natasha (thrice) (D:2)
  An orc wizard (D:3)
  A hound skeleton (D:4)
  A mummy (D:4)
  6 adders
  2 adder skeletons (D:4)
  A worm (D:2)
  2 dart slugs (D:1)
  5 orcs
  An endoplasm (D:3)
  4 giant cockroaches
  7 goblins
  13 hobgoblins
  5 jackals (D:3)
  2 quokkas
  5 ball pythons
  5 bats
  3 frilled lizards
  11 kobolds
  2 kobold zombies (D:4)
  2 orc zombies (D:4)
  9 rats
94 creatures vanquished.

Notes
Turn   | Place    | Note
-------+----------+-------------------------------------------
     0 | D:1      | daervis the Gargoyle Berserker began the quest for the Orb.
     0 | D:1      | Reached XP level 1. HP: 14/14 MP: 1/1
    80 | D:1      | Reached skill level 3 in Axes
    80 | D:1      | Reached XP level 2. HP: 19/19 MP: 2/2
   671 | D:1      | Found a faded altar of an unknown god.
   683 | D:1      | Reached XP level 3. HP: 16/24 MP: 3/3
  1135 | D:2      | Reached ** piety under Trog
  1189 | D:2      | Noticed Natasha
  1199 | D:2      | Killed Natasha
  1200 | D:2      | Reached XP level 4. HP: 28/29 MP: 4/4
  1295 | D:2      | Noticed Natasha
  1324 | D:2      | Killed Natasha
  1325 | D:2      | Reached skill level 4 in Axes
  1347 | D:2      | Noticed Natasha
  1355 | D:2      | Killed Natasha
  1356 | D:2      | Reached XP level 5. HP: 29/33 MP: 5/5
  2309 | D:3      | Reached *** piety under Trog
  2365 | D:3      | Reached skill level 5 in Axes
  2381 | D:3      | Reached XP level 6. HP: 2/38 MP: 6/6
  3284 | D:5      | Entered Level 5 of the Dungeon
  3733 | D:4      | Identified the +10 ring mail of Lugonu's Reproof {Harm
                  | Int+2}
  3855 | D:5      | Killed from afar by an orc priest

Illustrated notes

Levels and vault maps discovered:
D:1:      lemuel_arrival_broad_hall, layout_rooms,
          dreamdust_ecumenical_altar_statues, serial_corexii_hall,
          corexii_hall_statues_i, chequers_hall_statues_corner_a
D:2:      layout_basic, minivault_19, uniq_natasha
D:3:      layout_basic, minmay_misc_feat_iff, fountainhead,
          grunt_decor_resistance, minmay_surrounded
D:4:      layout_rooms, minmay_mini_ossuary
D:5:      layout_loops_ring

Skill      XL: |  1  2  3  4  5 |
---------------+----------------+-----
Axes           | 3 4 5 |  5.8
Fighting       | 4 |  4.3
Armour         | 3 |  3.7
Dodging        | |  1.5

Action                   |  1- 3 |  4- 6 || total
-------------------------+-------+-------++-------
Melee: Hand axe          |    89 |   191 ||   280
       War axe           |       |    87 ||    87
Invok: Berserk           |       |     1 ||     1
Armor: Plate armour      |    67 |   238 ||   305
       Animal skin       |     1 |       ||     1
Dodge: Dodged            |    34 |   107 ||   141
